 Dungeon Crawl Stone Soup version 0.30-a0-652-gcc886f7154 (webtiles) character file.

Game seed: 6346795893959596348

2750 wormed the Transmogrifier (level 9, -13/54 HPs)
             Began as an Octopode Hedge Wizard on Jan 18, 2023.
             Mangled by a vault guard
             ... wielding a +0 broad axe
              (16 damage)
             ... in a bailey.
             The game lasted 00:14:32 (8129 turns).

wormed the Transmogrifier (Octopode Hedge Wizard)   Turns: 8129, Time: 00:14:32

Health: -13/54     AC:  1    Str: 10    XL:     9   Next: 68%
Magic:  15/15      EV: 13    Int: 20    God:
Gold:   720        SH:  5    Dex: 11    Spells: 4/16 levels left

rFire   + . .      SeeInvis .      - Unarmed
rCold   . . .      Faith    .    (no shield)
rNeg    . . .      Spirit   .    b - +0 hat
rPois   .          Reflect  +    m - amulet of reflection
rElec   .          Harm     .    n - ring of wizardry
rCorr   +          Rampage  .    w - ring of willpower
Will    +....                    x - ring of protection from fire
Stlth   +++                      f - ring of resist corrosion
HPRegen 0.29/turn                (no ring)
MPRegen 0.14/turn                (no ring)
                                 (no ring)
                                 (no ring)

@: about to teleport, on berserk cooldown, slowed, very slow
A: almost no armour, amphibious, 8 rings, camouflage 1, gelatinous body 1,
(nimble swimmer 1), tentacles
a: no special abilities


You were in a bailey.
You visited 2 branches of the dungeon, and saw 8 of its levels.
You also visited: Bailey.

You collected 720 gold pieces.

Inventory:

Armour
 b - a +0 hat (worn)
Magical Staves
 k - a staff of air
Jewellery
 f - a ring of resist corrosion (on tentacle)
 m - an amulet of reflection (around mantle)
 n - a ring of wizardry (left tentacle)
 w - a ring of willpower (right tentacle)
 x - a ring of protection from fire (on tentacle)
Wands
 y - a wand of polymorph (5)
Scrolls
 a - 2 scrolls of poison
 i - 2 scrolls of enchant weapon
 o - 2 scrolls of silence {unknown}
 r - a scroll of amnesia {unknown}
 s - a scroll of magic mapping
 u - 2 scrolls of identify
 v - a scroll of enchant armour {unknown}
Potions
 c - a potion of magic
 e - a potion of curing
 g - 4 potions of degeneration {unknown}
 h - 3 potions of flight {unknown}
 l - a potion of resistance {unknown}
 p - a potion of cancellation {unknown}
 q - a potion of invisibility {unknown}
 t - a potion of might {unknown}
 z - a potion of mutation {unknown}
 A - a potion of attraction {unknown}
 B - a potion of brilliance


   Skills:
 - Level 2.0 Fighting
 - Level 3.0 Dodging
 - Level 2.6 Stealth
 - Level 2.0 Unarmed Combat
 - Level 4.0 Spellcasting
 - Level 1.0 Conjurations
 - Level 4.0 Summonings
 - Level 1.0 Translocations
 + Level 11.2 Transmutations


You had 4 spell levels left.
You knew the following spells:

 Your Spells              Type           Power      Damage    Failure   Level
a - Blade Hands           Tmut           24%        N/A       1%          5
b - Call Imp              Summ           20%        N/A       1%          2
c - Cigotuvi's Dreadful   Necr/Pois/Air  8%         N/A       8%          2
k - Blink                 Tloc           16%        N/A       5%          2
z - Magic Dart            Conj           32%        1d4       3%          1

Your spell library contained the following spells:

 Spells                   Type           Power      Damage    Failure   Level
 Summon Small Mammal      Summ           80%        N/A       1%          1
 Apportation              Tloc           16%        N/A       3%          1
 Necrotise                Necr           16%        1d4       5%          1
 Slow                     Hex            16%        N/A       5%          1
 Mephitic Cloud           Conj/Pois/Air  5%         N/A       13%         3
 Irradiate                Conj/Tmut      14%        3d16      12%         5
 Dragon Form              Tmut           24%        N/A       38%         7


Dungeon Overview and Level Annotations

Branches:
Dungeon (7/15)             Temple (1/1) D:4          Bailey (1/1)

Altars:
Ashenzari
Cheibriados
Dithmenos
Hepliaklqana
Kikubaaqudgha
Makhleb
Nemelex Xobeh
Okawaru
Qazlal
Trog
Uskayaw
Vehumet
Wu Jian
Xom
Zin
The Shining One

Annotations:
Bailey Prince Ribbit


Innate Abilities, Weirdness & Mutations

You cannot wear most types of armour.
You are amphibious.
You can wear up to eight rings at the same time.
Your skin changes colour to match your surroundings (Stealth+).
Your rubbery body absorbs attacks. (AC +1, EV +1)
((You are camouflaged when in or above water. (Stealth+)))
You have tentacles for arms and can constrict up to eight enemies at once.


Message History

You barely miss the vault guard. Your grab misses the vault guard.
You tentacle-slap the vault guard, but do no damage.
Prince Ribbit blinks!
You barely miss the vault guard. You grab the vault guard.
You constrict the vault guard, but do no damage.
The vault guard barely misses you.
You bludgeon the vault guard! You squeeze the vault guard!
The vault guard is moderately wounded.
You constrict the vault guard, but do no damage.
The vault guard hits you with a +0 broad axe!
You tentacle-slap the vault guard but do no damage.
The vault guard is moderately wounded.
You constrict the vault guard, but do no damage.
You bludgeon the vault guard!
The vault guard is moderately wounded.
You constrict the vault guard.
The vault guard hits you with a +0 broad axe!!
You tentacle-slap the vault guard but do no damage.
You squeeze the vault guard!
The vault guard is heavily wounded.
You constrict the vault guard. You block Prince Ribbit's attack.
The vault guard hits you with a +0 broad axe.
You completely miss Prince Ribbit. Your grab misses Prince Ribbit.
You constrict the vault guard, but do no damage.
Prince Ribbit hits you.
You tentacle-slap the vault guard.
The vault guard is severely wounded.
You constrict the vault guard.
The vault guard hits you with a +0 broad axe!!
* * * LOW HITPOINT WARNING * * *
You block Prince Ribbit's attack.
You release your grip on the vault guard.
You feel a strong urge to attack something.
You are no longer berserk.
You are exhausted.
You feel yourself slow down.
As you read the scroll of teleportation, it crumbles to dust.
You feel strangely unstable.
Prince Ribbit blinks!
The vault guard hits you with a +0 broad axe!
You die...

#!?.$?# #.....#
#.....# #..∩..#
###.....###
##~##...##≈##
##~~~##F##~~≈##
#~~~..p§...~~≈#
##....@~..~.~~≈##
#.≈≈≈~....~.~~~≈#
#+###≈~.~.~.~~~≈#
##≈~..~.~~~≈#
#≈~....~~~≈###
##≈~..~~~~≈#.##
#≈~..~~~≈##..##
#≈~.~≈≈~≈#....##
##≈~.≈##≈##.....#


You could see a vault guard and Prince Ribbit.

Vanquished Creatures
  2 humans (Bailey)
  Duvessa (D:5)
  2 orc warriors
  2 ogres (D:6)
  3 ice beasts (D:6)
  A phantom (D:6)
  A necrophage (D:6)
  A scorpion (D:6)
  2 kobold brigands (D:6)
  12 bullfrogs
  Dowan (D:5)
  2 orc priests (D:5)
  Crazy Yiuf (D:2)
  2 hounds
  A jelly (D:6)
  Jessica (D:2)
  2 iguanas (D:5)
  3 orc wizards (D:5)
  3 gnolls (Bailey)
  6 adders
  A shadow imp (D:6)
  A white imp (D:6)
  A worm (D:3)
  2 dart slugs
  17 orcs
  7 ball pythons
  5 endoplasms
  4 giant cockroaches
  15 goblins
  6 hobgoblins
  8 jackals
  13 kobolds
  2 quokkas
  12 bats
  4 frilled lizards
  10 rats
157 creatures vanquished.

Vanquished Creatures (collateral kills)
  A hound (D:5)
  2 orcs
  A ball python (D:4)
  3 endoplasms
  A goblin (D:2)
8 creatures vanquished.

Vanquished Creatures (others)
  7 withered plants (D:6)
7 creatures vanquished.

Grand Total: 172 creatures vanquished

Notes
Turn   | Place    | Note
-------+----------+-------------------------------------------
     0 | D:1      | wormed the Octopode Hedge Wizard began the quest for the
                  | Orb.
     0 | D:1      | Reached XP level 1. HP: 11/11 MP: 4/4
   101 | D:1      | Reached XP level 2. HP: 15/18 MP: 6/6
   415 | D:1      | Reached XP level 3. HP: 19/22 MP: 7/7
   496 | D:1      | Learned a level 2 spell: Call Imp
   794 | D:1      | Identified a scroll of acquirement
   794 | D:1      | Acquired 474 gold pieces
   799 | D:1      | Learned a level 2 spell: Blink
   824 | D:2      | Reached skill level 1 in Fighting
   824 | D:2      | Reached skill level 1 in Unarmed Combat
   930 | D:2      | Noticed Jessica
  1203 | D:2      | Found a faded altar of an unknown god.
  1222 | D:2      | Reached XP level 4. HP: 11/28 MP: 8/8
  1782 | D:2      | Killed Jessica
  1783 | D:2      | Reached skill level 1 in Transmutations
  2100 | D:2      | Found a runed translucent door.
  2101 | D:2      | Noticed Crazy Yiuf
  2307 | D:2      | Killed Crazy Yiuf
  2308 | D:2      | Reached XP level 5. HP: 26/33 MP: 5/10
  3105 | D:3      | Learned a level 5 spell: Blade Hands
  3434 | D:4      | Found a staircase to the Ecumenical Temple.
  3475 | Temple   | Entered the Ecumenical Temple
  4152 | D:4      | Reached skill level 2 in Transmutations
  4444 | D:5      | Entered Level 5 of the Dungeon
  4445 | D:5      | Noticed an orc warrior
  4554 | D:5      | Reached XP level 6. HP: 27/39 MP: 5/11
  4686 | D:5      | Noticed Duvessa
  4900 | D:5      | Noticed Dowan
  4951 | D:5      | Killed Dowan
  5029 | D:6      | Noticed an ice beast
  5058 | D:5      | Reached XP level 7. HP: 33/45 MP: 12/12
  5168 | D:5      | Reached skill level 3 in Transmutations
  5791 | D:6      | Reached skill level 4 in Transmutations
  6089 | D:6      | Found a shadowy altar of Dithmenos.
  6098 | D:6      | Found an ancient bone altar of Kikubaaqudgha.
  6137 | D:6      | Reached skill level 5 in Transmutations
  6267 | D:6      | Reached XP level 8. HP: 39/50 MP: 8/14
  6398 | D:6      | Reached skill level 6 in Transmutations
  6499 | D:6      | Identified the +5 quarterstaff of Durable Expedience
                  | {heavy, Will+ SInv}
  6586 | D:6      | Reached skill level 7 in Transmutations
  6667 | D:5      | Learned a level 2 spell: Cigotuvi's Dreadful Rot
  6952 | D:6      | Reached skill level 8 in Transmutations
  7293 | D:5      | Killed Duvessa
  7505 | D:5      | Reached skill level 9 in Transmutations
  7505 | D:5      | Reached XP level 9. HP: 49/54 MP: 10/15
  7704 | D:7      | Found a flagged portal.
  7718 | Bailey   | Entered a bailey
  7838 | Bailey   | Reached skill level 10 in Transmutations
  8006 | Bailey   | Reached skill level 11 in Transmutations
  8113 | Bailey   | Noticed a vault guard
  8113 | Bailey   | Noticed Prince Ribbit
  8126 | Bailey   | HP: 3/81 [vault guard/+0 broad axe (27)]
  8129 | Bailey   | Mangled by a vault guard

Illustrated notes

Levels and vault maps discovered:
D:1:      minmay_arrival_stone_box, layout_basic, hex_tiny, minmay_tetromino_t2
D:2:      layout_basic, nicolae_ecumenical_lake_church, uniq_crazy_yiuf_cottage,
          uniq_jessica
D:3:      layout_rooms
D:4:      layout_gridville, temple_fountains
D:5:      layout_loops_corners, uniq_duvessa
D:6:      layout_rooms, kiku_gazebo_garden_becter,
          mainiacjoe_overflow_cross_hatched, nicolae_nh_ransacked_shop
D:7:      layout_basic, enter_bailey_5
Temple:   compressed_dpeg_circular_temple
Bailey:   bailey_axe_froggy_fort_hellmonk, bailey

Skill      XL: |  1  2  3  4  5  6  7  8  9 |
---------------+----------------------------+-----
Fighting       | 1 2 |  2.0
Unarmed Combat | 1 2 |  2.0
Summonings     | 2 3 4 |  4.0
Transmutations | 1 2 5 9 11 | 11.2
Dodging        | 3 |  3.0
Spellcasting   | 4 |  4.0
Stealth        | |  2.6
Conjurations   | |  1.0
Translocations | |  1.0

Action                   |  1- 3 |  4- 6 |  7- 9 || total
-------------------------+-------+-------+-------++-------
Melee: Unarmed           |   120 |   123 |   169 ||   412
       Constrict         |    27 |    35 |    39 ||   101
       Tentacles         |    19 |    32 |    48 ||    99
       Punch             |     2 |     4 |    13 ||    19
 Cast: Magic Dart        |     5 |    58 |       ||    63
       Call Imp          |     4 |    16 |     1 ||    21
       Blade Hands       |       |       |    17 ||    17
       Blink             |       |       |     1 ||     1
  Use: Scroll            |     5 |     6 |     8 ||    19
       Potion            |       |     2 |     6 ||     8
 Stab: Sleeping          |     8 |     6 |     4 ||    18
       Distracted        |       |       |     1 ||     1
Armor: Skin              |    22 |     8 |    10 ||    40
Dodge: Dodged            |    99 |    76 |    63 ||   238
Block: Other             |       |     1 |    32 ||    33
       Reflection        |       |       |     2 ||     2

Table legend: (Time is in decaauts)
 A = Elapsed time spent in this place.
 B = Non-inter-level travel time spent in this place.
 C = Inter-level travel time spent in this place.
 D = Time resting spent in this place.
 E = Time spent auto-exploring this place.
 F = Levels seen in this place.
 G = Mean time per level.
                   A        B        C        D        E       F      G
               +--------+--------+--------+--------+--------+-----+--------+
         Total |   8147 |   7648 |    499 |    677 |   5591 |   9 |  905.2 |
       Dungeon |   7651 |   7160 |    491 |    526 |   5336 |   7 | 1093.0 |
        Temple |     79 |     71 |      8 |      0 |     59 |   1 |   79.0 |
        Bailey |    416 |    416 |      0 |    151 |    196 |   1 |  416.0 |
               +--------+--------+--------+--------+--------+-----+--------+

Top non-repeatable levels by time:
     D:5: 2049 daAuts
     D:2: 1580 daAuts
     D:6: 1177 daAuts
     D:3: 1006 daAuts
     D:4: 979 daAuts
     D:1: 810 daAuts
  Bailey: 416 daAuts
  Temple: 79 daAuts
     D:7: 46 daAuts
